 Dungeon Crawl Stone Soup version 0.24-a0-378-g94936e539c (webtiles) character file.

Game seed: 12540087163798041721

102504 Peloso the Peltast (level 15, -6/138 HPs)
             Began as a Minotaur Fighter on June 1, 2019.
             Was the Champion of Okawaru.
             Mangled by a catoblepas (8 damage)
             ... while petrified by you
             ... on level 6 of the Lair of Beasts.
             The game lasted 01:17:05 (27892 turns).

Peloso the Peltast (Minotaur Fighter)              Turns: 27892, Time: 01:17:05

Health: -6/138     AC: 26    Str: 28    XL:     15   Next: 86%
Magic:  16/16      EV:  2    Int:  3    God:    Okawaru [******]
Gold:   1166       SH:  0    Dex: 18    Spells: 14/14 levels left

rFire    + . .     SeeInvis +   a - +8 demon blade "Bloodbane" {slice, *Rage +Rage Stlth-}
rCold    . . .     Gourm    .   c - +1 shield {AC+3}
rNeg     + + +     Faith    .   t - +0 plate armour
rPois    ∞         Spirit   .   V - +2 hat
rElec    .         Reflect  +   L - +1 cloak
rCorr    .         Harm     .   z - +0 pair of fencer's gloves {Riposte Dex+3}
MR       +....     Rnd*Rage +   (no boots)
Stlth    ..........             r - +5 amulet of reflection
HPRegen  0.33/turn              m - ring of see invisible
MPRegen  0.15/turn              U - +4 ring of strength

@: lethally poisoned (-6 -> -6), petrified, berserk cooldown
A: retaliatory headbutt, horns 2, agile 1, dopey 1, fire resistance 1, no potion
heal 1
a: Heroism, Finesse, Renounce Religion, Evoke Berserk Rage


You were on level 6 of the Lair of Beasts.
You worshipped Okawaru.
Okawaru was exalted by your worship.
You were hungry.

You visited 4 branches of the dungeon, and saw 24 of its levels.
You also visited: Ossuary and Ice Cave.

You collected 2964 gold pieces.
You spent 1798 gold pieces at shops.

Inventory:

Hand Weapons
 a - the +8 demon blade "Bloodbane" (weapon) {slice, *Rage +Rage Stlth-}
   (Okawaru gifted it to you on level 6 of the Lair of Beasts)

   It inflicts extra damage upon your enemies.
   It lets you go berserk.
   It may make you go berserk in combat.
   It makes you less stealthy.
 b - the +8 long sword "Xifisol" {venom, Int+4 Dex+4}
   (You found it on level 15 of the Dungeon)

   It poisons the flesh of those it strikes.
   It affects your intelligence (+4).
   It affects your dexterity (+4).
 A - the +4 great mace of Circularity {crush, rPois rN+}
   (Okawaru gifted it to you on level 4 of the Lair of Beasts)

   It inflicts extra damage upon your enemies.
   It protects you from poison.
   It protects you from negative energy.
 M - the +5 arbalest of Xocut {elec, +Blink rElec rC-}
   (Okawaru gifted it to you on level 15 of the Dungeon)

   It charges the ammunition it shoots with electricity; occasionally upon a
   hit, such missiles may discharge and cause terrible harm.
   It makes you vulnerable to cold.
   It insulates you from electricity.
   It lets you blink.
 P - a +1 falchion of flaming
Armour
 c - a +1 shield of protection (worn)
 i - +0 acid dragon scales
 t - a +0 plate armour (worn)
 z - the +0 pair of fencer's gloves (worn) {Riposte Dex+3}
   (You bought it in a shop on level 2 of the Orcish Mines)

   It affects your dexterity (+3).
 L - a +1 cloak (worn)
 V - a +2 hat (worn)
 X - a +1 pair of gloves of archery
Jewellery
 l - a +2 ring of dexterity
 m - a ring of see invisible (left hand)
 p - an uncursed ring of flight
 r - a +5 amulet of reflection (around neck)
 E - an uncursed ring of protection from fire
 I - an uncursed ring of ice
 R - an uncursed amulet of harm
 T - an uncursed ring of poison resistance
 U - a +4 ring of strength (right hand)
 Z - an uncursed amulet of the acrobat
Wands
 s - a wand of digging (8)
 B - a wand of polymorph (5)
 K - a wand of random effects (23)
Scrolls
 e - 10 scrolls of remove curse
 j - 5 scrolls of magic mapping
 k - a scroll of amnesia
 q - a scroll of blinking
 u - 2 scrolls of teleportation
 y - 2 scrolls of noise
 C - 3 scrolls of fog
 F - a scroll of acquirement
 G - a scroll of summoning
 H - 2 scrolls of identify
 J - a scroll of fear
 O - a scroll of holy word
 Q - a scroll of enchant armour
Potions
 d - 2 potions of might
 g - 7 potions of curing
 h - a potion of brilliance
 n - 3 potions of agility
 o - a potion of ambrosia
 v - 6 potions of haste
 w - a potion of mutation
 x - 3 potions of magic
 D - 2 potions of berserk rage
 N - 6 potions of heal wounds
 Y - a potion of flight
Comestibles
 f - 40 rations
 S - 6 chunks of flesh


   Skills:
 + Level 14.3 Fighting
 + Level 16.5 Long Blades
 + Level 15.3 Armour
 + Level 3.2 Dodging
 + Level 1.4 Stealth
 + Level 19.2 Shields
 + Level 2.8 Invocations
 + Level 0.6 Evocations


You had 14 spell levels left.
You didn't know any spells.
Your spell library contained the following spells:

 Spells                   Type           Power        Failure   Level  Hunger
 Infusion                 Chrm           #...         98%         1    ##.....
 Sting                    Conj/Pois      #...         98%         1    ##.....
 Poisonous Vapours        Pois/Air       #.....       99%         2    ###....
 Shroud of Golubria       Chrm/Tloc      #.........   99%         2    ###....
 Song of Slaying          Chrm           #.......     99%         2    ###....
 Mephitic Cloud           Conj/Pois/Air  #.......     100%        3    ####...
 Regeneration             Chrm/Necr      #.........   100%        3    ####...
 Spectral Weapon          Hex/Chrm       #.......     100%        3    ####...
 Olgreb's Toxic Radiance  Pois           #.......     100%        4    #####..
 Bolt of Magma            Conj/Fire/Erth #.........   100%        5    ######.
 Iskenderun's Battlesphe  Conj/Chrm      #.......     100%        5    ######.
 Venom Bolt               Conj/Pois      #.........   100%        5    ######.
 Iron Shot                Conj/Erth      #.........   100%        6    #######
 Orb of Destruction       Conj           #.........   100%        7    #######
 Spellforged Servitor     Conj/Summ      #.........   100%        7    #######


Dungeon Overview and Level Annotations

Branches:
Dungeon (15/15)            Temple (1/1) D:6            Lair (6/6) D:10
  Swamp (0/4) Lair:4       Spider (0/4) Lair:3        Slime (0/5) Lair:5
    Orc (2/2) D:11            Elf (0/3) Orc:2        Vaults (0/5) D:13
 Depths (0/5) D:15

Altars:
Ashenzari
Dithmenos
Elyvilon
Fedhas
Gozag
Kikubaaqudgha
Makhleb
Okawaru
Qazlal
Ru
Sif Muna
Trog
Vehumet
Wu Jian
Xom
Yredelemnul
Zin

Shops:
D:5 [   Orc:2 *![?*

Annotations:
D:6 exclusion: statue
D:7 1 runed translucent door


Innate Abilities, Weirdness & Mutations

You reflexively headbutt those who attack you in melee.
You have a pair of horns on your head.
You are agile. (Dex +2)
You are dopey. (Int -2)
Your flesh is heat resistant. (rF+)
Potions are less effective at restoring your health.


Message History

The catoblepas gores you but does no damage.
The black mamba bites you but does no damage.
The lindwurm bites you.
* * * LOW HITPOINT WARNING * * *
The lindwurm claws you but does no damage. x2
The catoblepas gores you!!
* * * LOW HITPOINT WARNING * * *
The black mamba bites you but does no damage.
The black mamba bites you. The lindwurm breathes flames at you.
The blast of flame hits you but does no damage.
The catoblepas gores you!!
* * * LOW HITPOINT WARNING * * *
The black mamba completely misses you.
The black mamba bites you but does no damage.
The lindwurm bites you!
* * * LOW HITPOINT WARNING * * *
The lindwurm claws you but does no damage. x2
The catoblepas gores you!
You die...

###....# ##............
....†.## ###..........
......# # #..........
......# .###..........
......# #####
.##........... ......#
#...#...#...........
#.....#
#...#..P##..........
.....##
####.YkS...##..........
.....#
##..###@#..##...........
.....# #
#...#.....P##...........
....
#.#.........####..........
.... #..........#.#
#.......... .#..
#......#....## #..........
.. #..###.#P.###
##.......... . #..
#...##.# #........... . #P
#...[### #........... .
#.. #...##.## #...........


You could see a catoblepas, a lindwurm and a black mamba.

Vanquished Creatures
  Rupert (D:13)
  Gastronok (D:11)
  An ettin (Orc:1)
  The ghost of motoroller71 the Cleaver, a journeyman GrFi of Makhleb (D:13)
  2 ogre magi
  2 ice dragons (IceCv)
  A vault guard (D:13)
  11 hydras
  A catoblepas (Lair:6)
  9 two-headed ogres
  3 centaur warriors
  4 tengu warriors
  5 death yaks (D:9)
  Erica (D:11)
  Sonja (Orc:1)
  3 skeletal warriors (D:14)
  3 unseen horrors
  3 wizards
  Pikel (D:7)
  A deep elf mage (D:14)
  2 orc knights
  15 ugly things
  2 cyclopes
  4 elephants (Lair:5)
  3 manticores
  6 black mambas
  A centaur zombie (D:15)
  A molten gargoyle (Lair:3)
  A torpor snail (Lair:6)
  3 gargoyles
  9 spiny frogs
  2 ice statues (IceCv)
  8 rime drakes
  5 komodo dragons
  4 kobold demonologists
  2 tengu conjurers
  A meliai (shapeshifter) (D:14)
  7 trolls
  2 ice devils (D:11)
  3 meliai (D:15)
  3 jumping spiders (Lair:3)
  4 polar bears
  A hornet (shapeshifter) (D:15)
  10 slime creatures
  A harpy skeleton (D:14)
  15 blink frogs
  Grinder (D:6)
  3 hornets
  2 dream sheep (D:11)
  11 hippogriffs
  3 spriggans
  A redback (Lair:3)
  A shadow (D:15)
  A centaur simulacrum (D:15)
  7 basilisks
  22 yaks
  A fire elemental (Lair:3)
  10 humans (D:13)
  3 water elementals (D:15)
  3 wyverns
  4 fire bats (Lair:3)
  4 hungry ghosts
  4 wraiths
  Menkaure (D:3)
  6 wargs
  3 vampire mosquitoes (Lair:4)
  A soldier ant (D:15)
  15 water moccasins
  Duvessa (D:6)
  2 acid dragons
  6 porcupines
  A hornet zombie (D:8)
  39 orc warriors
  2 black bears
  4 sky beasts
  An eye of draining (D:15)
  17 ice beasts
  9 ogres
  4 phantoms
  19 wolves
  19 centaurs
  8 crocodiles
  19 bullfrogs
  5 big kobolds
  Dowan (D:6)
  3 scorpions
  11 wights
  5 electric eels
  2 lava snakes (Lair:3)
  10 crimson imps
  5 bullfrog zombies
  10 hounds
  A quasit (D:9)
  8 centaur skeletons
  7 bullfrog skeletons
  5 jellies
  16 orc priests
  Ijyb (D:4)
  5 iguanas
  Natasha (thrice) (D:4)
  23 orc wizards
  9 worker ants
  A hound zombie (D:5)
  A mummy (D:5)
  Robin (D:4)
  A worker ant zombie (D:11)
  7 adders
  4 shadow imps
  2 adder skeletons
  3 adder zombies
  3 worms
  2 dart slugs (D:1)
  4 leopard geckos
  80 orcs
  4 bats
  7 giant cockroaches
  5 hobgoblins
  14 jackals
  11 kobolds
  A quokka (D:8)
  3 ball python skeletons (Ossuary)
  5 frilled lizards
  A giant cockroach zombie (D:5)
  16 goblins
  A hobgoblin skeleton (Ossuary)
  2 hobgoblin zombies (D:5)
  A jackal skeleton (D:6)
  A kobold zombie (D:5)
  A leopard gecko skeleton (D:6)
  2 orc skeletons (Ossuary)
  An orc zombie (D:5)
  4 rats
747 creatures vanquished.

Vanquished Creatures (others)
  A yaktaur captain (D:15)
  A centaur warrior (D:15)
  A human (D:13)
  2 centaurs
  A crimson imp (D:11)
  8 fungi
  56 plants
70 creatures vanquished.

Grand Total: 817 creatures vanquished

Notes
Turn   | Place    | Note
-------+----------+-------------------------------------------
     0 | D:1      | Peloso the Minotaur Fighter began the quest for the Orb.
     0 | D:1      | Reached XP level 1. HP: 19/19 MP: 0/0
   155 | D:1      | Reached XP level 2. HP: 22/27 MP: 1/1
   391 | D:1      | Reached skill level 4 in Shields
   721 | D:2      | Reached XP level 3. HP: 33/33 MP: 2/2
   799 | D:2      | Found a glowing silver altar of Zin.
  1191 | D:2      | Found an opulent altar of Gozag.
  1479 | D:3      | Found a stormy altar of Qazlal.
  1551 | D:3      | Reached XP level 4. HP: 32/40 MP: 3/3
  2361 | D:4      | Noticed Robin
  2552 | D:4      | Killed Robin
  2594 | D:4      | Noticed Ijyb
  2603 | D:4      | Killed Ijyb
  2659 | D:4      | Reached XP level 5. HP: 46/46 MP: 4/4
  2706 | D:4      | Found a blossoming altar of Fedhas.
  2784 | D:4      | Reached skill level 5 in Shields
  2793 | D:4      | Noticed Natasha
  2799 | D:4      | Killed Natasha
  2816 | D:4      | Reached skill level 5 in Armour
  2856 | D:4      | Noticed Menkaure
  2865 | D:4      | Reached skill level 1 in Dodging
  2865 | D:4      | Reached XP level 6. HP: 12/53 MP: 5/5
  2877 | D:3      | Killed Menkaure
  3089 | D:4      | Noticed Natasha
  3096 | D:4      | Killed Natasha
  3096 | D:4      | Reached skill level 5 in Long Blades
  3118 | D:4      | Noticed Natasha
  3124 | D:4      | Killed Natasha
  3152 | D:4      | Found a sacrificial altar of Ru.
  3227 | D:5      | Entered Level 5 of the Dungeon
  3287 | D:5      | Reached skill level 6 in Shields
  3287 | D:5      | Reached XP level 7. HP: 9/60 MP: 6/6
  3288 | D:5      | Gained mutation: You have a pair of large horns on your
                  | head. [potion of mutation]
  3288 | D:5      | Gained mutation: Scrolls take you a little longer to read.
                  | [potion of mutation]
  3288 | D:5      | Gained mutation: Your flesh is heat resistant. (rF+)
                  | [potion of mutation]
  3289 | D:5      | Lost mutation: You have a pair of large horns on your head.
                  | [potion of mutation]
  3289 | D:5      | Lost mutation: Scrolls take you a little longer to read.
                  | [potion of mutation]
  3289 | D:5      | Gained mutation: Your muscles are strong. (Str +2) [potion
                  | of mutation]
  3289 | D:5      | Gained mutation: You are agile. (Dex +2) [potion of
                  | mutation]
  3305 | D:5      | Reached skill level 5 in Fighting
  3608 | D:5      | Found a shadowy altar of Dithmenos.
  3612 | D:5      | Found a burning altar of Makhleb.
  3668 | D:5      | Found a sand-covered staircase.
  3680 | Ossuary  | Entered an ossuary
  3805 | Ossuary  | Noticed a wraith
  3805 | Ossuary  | Noticed a flying skull
  3813 | Ossuary  | Noticed a flying skull
  3814 | Ossuary  | Noticed a flying skull
  3816 | Ossuary  | Noticed a flying skull
  3845 | Ossuary  | Noticed a wraith
  3854 | Ossuary  | Killed a wraith
  3885 | Ossuary  | Noticed a flying skull
  3892 | Ossuary  | Noticed a wraith
  3899 | Ossuary  | Killed a wraith
  3899 | Ossuary  | Reached XP level 8. HP: 32/70 MP: 7/7
  4031 | D:5      | Found Voigiobb's Antique Armour Boutique.
  4409 | D:5      | Reached skill level 7 in Shields
  4414 | D:5      | Got a crude glaive
  4596 | D:6      | Found a staircase to the Ecumenical Temple.
  4607 | Temple   | Entered the Ecumenical Temple
  4616 | Temple   | Became a worshipper of Warmaster Okawaru
  4869 | D:6      | Noticed Duvessa
  4869 | D:6      | Noticed Dowan
  4895 | D:6      | Killed Duvessa
  4901 | D:6      | Killed Dowan
  5238 | D:6      | Noticed Grinder
  5255 | D:6      | Paralysed by Grinder for 6 turns
  5264 | D:6      | Killed Grinder
  5264 | D:6      | Reached skill level 8 in Shields
  5264 | D:6      | Reached XP level 9. HP: 44/78 MP: 8/8
  5382 | D:6      | Found a radiant altar of Vehumet.
  5655 | D:7      | Found an ornate altar of the Wu Jian Council.
  5655 | D:7      | Found a deep blue altar of Sif Muna.
  5669 | D:7      | Reached * piety under Okawaru
  5775 | D:7      | Found a faded altar of an unknown god.
  5778 | D:7      | Found a stormy altar of Qazlal.
  5779 | D:7      | Found a faded altar of an unknown god.
  5903 | D:7      | Noticed Pikel
  5926 | D:7      | Killed Pikel
  6100 | D:7      | Reached ** piety under Okawaru
  6173 | D:7      | Found a basalt altar of Yredelemnul.
  6268 | D:7      | Found a glowing silver altar of Zin.
  6268 | D:7      | Noticed an angel
  6269 | D:7      | Found a runed translucent door.
  6537 | D:7      | Identified the +10 glaive of Kismet {pain, *Drain Str+6
                  | Int+3} (You found it on level 5 of the Dungeon)
  7063 | D:8      | Reached skill level 9 in Shields
  7082 | D:8      | Reached skill level 1 in Stealth
  7190 | D:8      | Reached skill level 10 in Long Blades
  7250 | D:8      | Noticed a two-headed ogre
  7259 | D:8      | Killed a two-headed ogre
  7259 | D:8      | Reached *** piety under Okawaru
  7259 | D:8      | Reached XP level 10. HP: 76/88 MP: 9/9
  7774 | D:8      | Found a white marble altar of Elyvilon.
  8017 | D:9      | Reached **** piety under Okawaru
  8076 | D:9      | Found a shattered altar of Ashenzari.
  8739 | D:10     | Entered Level 10 of the Dungeon
  8763 | D:10     | Killed an unseen horror
  8763 | D:10     | Reached skill level 10 in Armour
  8872 | D:10     | Noticed a death yak
  8872 | D:10     | Noticed a death yak
  8878 | D:10     | Noticed a death yak
  8880 | D:10     | Noticed a death yak
  8882 | D:10     | Noticed a death yak
  8940 | D:9      | Killed a death yak
  8940 | D:9      | Reached skill level 10 in Shields
  9098 | D:9      | Killed a death yak
  9098 | D:9      | Reached ***** piety under Okawaru
  9098 | D:9      | Received a gift from Okawaru
  9331 | D:9      | Killed a death yak
  9331 | D:9      | Reached XP level 11. HP: 39/97 MP: 10/10
  9782 | D:9      | Killed a death yak
  9796 | D:9      | Killed a death yak
 10141 | D:10     | Found a staircase to the Lair.
 10407 | D:11     | Found a frozen archway.
 10437 | IceCv    | Entered an ice cave
 10758 | IceCv    | Reached skill level 10 in Fighting
 10761 | IceCv    | Reached skill level 11 in Shields
 11424 | IceCv    | Noticed an ice dragon
 11435 | IceCv    | Killed an ice dragon
 11435 | IceCv    | Noticed an ice dragon
 11440 | IceCv    | Killed an ice dragon
 11440 | IceCv    | Reached ****** piety under Okawaru
 11440 | IceCv    | Received a gift from Okawaru
 11575 | IceCv    | Reached skill level 1 in Invocations
 11756 | D:11     | Noticed a seven-headed hydra
 11765 | D:11     | Killed a seven-headed hydra
 11826 | D:11     | Found a staircase to the Orcish Mines.
 11847 | D:11     | Noticed Gastronok
 11864 | D:11     | Killed Gastronok
 11864 | D:11     | Received a gift from Okawaru
 11864 | D:11     | Reached XP level 12. HP: 108/108 MP: 8/12
 12182 | D:11     | Noticed a two-headed hydra
 12191 | D:11     | Killed a one-headed hydra
 12260 | D:11     | Reached skill level 12 in Shields
 12446 | D:11     | Noticed an ogre mage
 12465 | D:11     | Killed an ogre mage
 12596 | Lair:1   | Entered Level 1 of the Lair of Beasts
 13061 | Lair:1   | Noticed a five-headed hydra
 13071 | Lair:1   | Killed a three-headed hydra
 13071 | Lair:1   | Reached skill level 13 in Shields
 13797 | Lair:2   | Found a blossoming altar of Fedhas.
 13808 | Lair:2   | Noticed a five-headed hydra
 13819 | Lair:2   | Killed a three-headed hydra
 13936 | Lair:2   | Received a gift from Okawaru
 13936 | Lair:2   | Reached XP level 13. HP: 78/116 MP: 13/13
 13982 | Lair:2   | Lost mutation: Your muscles are strong. (Str +2) [mutagenic
                  | glow]
 14019 | Lair:2   | Gained mutation: You are dopey. (Int -2) [mutagenic glow]
 14076 | Lair:2   | Gained mutation: Potions are less effective at restoring
                  | your health. [mutagenic glow]
 14161 | Lair:2   | Reached skill level 14 in Shields
 14962 | Lair:3   | Found a hole to the Spider Nest.
 15892 | Lair:4   | Received a gift from Okawaru
 16325 | Lair:4   | Found a staircase to the Swamp.
 16395 | Lair:4   | Received a gift from Okawaru
 16395 | Lair:4   | Reached skill level 15 in Shields
 16400 | Lair:4   | Got a shimmering great mace {god gift}
 16401 | Lair:4   | Identified the +4 great mace of Circularity {crush, rPois
                  | rN+} (Okawaru gifted it to you on level 4 of the Lair of
                  | Beasts)
 17515 | D:12     | Found a bloodstained altar of Trog.
 17928 | Orc:1    | Entered Level 1 of the Orcish Mines
 17928 | Orc:1    | Noticed Erica
 17928 | Orc:1    | Noticed Sonja
 17961 | D:11     | Killed Erica
 18761 | Orc:1    | Killed Sonja
 19326 | Orc:2    | Entered Level 2 of the Orcish Mines
 19421 | Orc:2    | Reached skill level 15 in Long Blades
 19604 | Orc:2    | Found a staircase to the Elven Halls.
 20018 | Orc:2    | Found a burning altar of Makhleb.
 20029 | Orc:2    | Reached XP level 14. HP: 115/127 MP: 14/14
 20573 | Orc:2    | Received a gift from Okawaru
 20576 | Orc:2    | Found Ymojimpi's Assorted Antiques.
 20627 | Orc:2    | Bought a blackened platinum amulet for 160 gold pieces
 20662 | Orc:2    | Found Qagalill's Distillery.
 20662 | Orc:2    | Found Tatuf's Antique Armour Emporium.
 20664 | Orc:2    | Found Ekyumidy's Magic Scroll Shoppe.
 20666 | Orc:2    | Found Fosoc's Assorted Antiques.
 20672 | Orc:2    | Bought a scroll of magic mapping for 98 gold pieces
 20674 | Orc:2    | Bought a potion of mutation for 104 gold pieces
 20674 | Orc:2    | Bought a potion of magic for 104 gold pieces
 20677 | Orc:2    | Bought a scroll of magic mapping for 52 gold pieces
 20679 | Orc:2    | Bought the +0 pair of fencer's gloves {Riposte Dex+3} for
                  | 1280 gold pieces
 20679 | Orc:2    | Found the +0 pair of fencer's gloves {Riposte Dex+3}
 21461 | D:13     | Noticed Rupert
 21479 | D:13     | Killed Rupert
 21479 | D:13     | Reached skill level 16 in Shields
 22029 | D:13     | Found a runed translucent door.
 22030 | D:13     | Noticed motoroller71's ghost (journeyman GrFi)
 22045 | D:13     | Identified the cursed +2 trident of Integrity {drain, rF++
                  | Int+5 Stlth-}
 22650 | D:13     | Found a gate to the Vaults.
 22753 | D:13     | Killed motoroller71's ghost
 23234 | D:14     | Reached skill level 17 in Shields
 23496 | D:14     | Received a gift from Okawaru
 23837 | D:14     | Found a glowing silver altar of Zin.
 23912 | D:14     | Found a bloodstained altar of Trog.
 24156 | D:15     | Entered Level 15 of the Dungeon
 24564 | D:15     | Reached XP level 15. HP: 118/136 MP: 15/15
 24583 | D:15     | Found a shattered altar of Ashenzari.
 24727 | D:15     | Reached skill level 15 in Armour
 24858 | D:15     | Reached skill level 18 in Shields
 24880 | D:15     | HP: 4/136 [wind drake (shapeshifter)/the air (11)]
 25340 | D:15     | Got a polished long sword
 25341 | D:15     | Identified the +8 long sword "Xifisol" {venom, Int+4 Dex+4}
                  | (You found it on level 15 of the Dungeon)
 25841 | D:15     | Received a gift from Okawaru
 25844 | D:15     | Got a smoking arbalest {god gift}
 26084 | D:15     | Found an opulent altar of Gozag.
 26210 | D:15     | Found a staircase to the Depths.
 26676 | Lair:5   | Found a staircase to the Slime Pits.
 27204 | Lair:6   | Entered Level 6 of the Lair of Beasts
 27247 | Lair:6   | Received a gift from Okawaru
 27248 | Lair:6   | Found the +8 demon blade "Bloodbane" {slice, *Rage +Rage
                  | Stlth-}
 27383 | Lair:6   | Identified a scroll of acquirement
 27386 | Lair:6   | Identified the +5 arbalest of Xocut {elec, +Blink rElec
                  | rC-} (Okawaru gifted it to you on level 15 of the Dungeon)
 27536 | Lair:6   | Reached skill level 19 in Shields
 27639 | Lair:6   | Found a shattered altar of Ashenzari.
 27891 | Lair:6   | HP: 6/138 [catoblepas (10)]
 27892 | Lair:6   | HP: 2/138 [lindwurm (4)]
 27892 | Lair:6   | Mangled by a catoblepas

Levels and vault maps discovered:
D:1:      scummos_arrival_hexagon, layout_basic
D:2:      layout_loops_ring, lemuel_crystal_altar, zin_scriptorium
D:3:      layout_basic, first_ration, grunt_qazlal_sundering
D:4:      layout_cave_pools, kennysheep_mini_moat, fedhas_altar_3, uniq_ijyb,
          uniq_menkaure, uniq_robin, uniq_natasha
D:5:      kennysheep_six_static_rooms, layout_basic, grunt_temple_overflow_open,
          serial_shops, shop, nicolae_ossuary_entry_monument,
          minmay_mini_ossuary
D:6:      layout_loops_corners, vehumet_statue, minmay_temple_entry_junction,
          kennysheep_small_square, uniq_grinder, uniq_duvessa
D:7:      layout_loops_corners, chequers_temple_overflow_minitemple,
          kennysheep_mini, grunt_ministairs_8, lemuel_angel_altar, uniq_pikel
D:8:      layout_cave_pools, elyvilon_altar_5, grunt_decor_one_mirror
D:9:      layout_stronghold, ashenzari_conservatory_becter
D:10:     layout_rooms, dpeg_lair_monsters
D:11:     minmay_octagon_keep, layout_basic, portal_ice_cave_demonic_guard,
          hangedman_ranch [blue_anna_fruit_fields], feat_on_display,
          uniq_gastronok
D:12:     layout_basic, bloody_trog
D:13:     layout_irregular_city, ximxim_vaults_locker_room,
          ebering_ghost_funeral_grove, uniq_rupert
D:14:     layout_cross, basic_altar, lemuel_coloured_pillars_altar,
          minmay_misc_feat_encased
D:15:     grunt_enter_depths_snipers, layout_basic, evilmike_ruin_ashenzari,
          serial_bayou, serial_bayou_pond_d, serial_bayou_pond_d,
          serial_bayou_lake_a, serial_bayou_pond_c, serial_bayou_lagoon_a,
          lemuel_statue_altar
Temple:   compressed_dpeg_circular_temple
Lair:1:   layout_regular_city
Lair:2:   beast_lair_carwin_large_4, layout_long_grid, basic_altar,
          eino_small_chamber_without_monster, forest_entry_grove
Lair:3:   layout_gridlike, spider_nest_entry_a, lemuel_fruit_tree
Lair:4:   layout_loops_ring, minmay_swamp_entry_swarm, grunt_megastairs_2,
          lemuel_fruit_fields
Lair:5:   layout_roguey, minmay_slime_entry_pillars, grunt_megastairs_5
Lair:6:   hangedman_lair_in_review, layout_regular_city,
          guppyfry_lair_end_dragon, basic_altar, chequers_serial_rivers_small_b,
          lemuel_old_faithful
Orc:1:    layout_caves, uniq_erica, uniq_sonja
Orc:2:    st_orc_rangers, layout_diamond_mine, serial_shops, nicolae_shop_stone,
          basic_altar

Skill      XL: |  1  2  3  4  5  6  7  8  9 10 11 12 13 14 15 |
---------------+----------------------------------------------+-----
Shields        | 4 5 6 8 9 10 11 13 15 17 19 | 19.2
Armour         | 4 5 6 8 9 10 12 14 15 | 15.3
Fighting       | 4 5 6 8 9 10 11 12 13 14 | 14.3
Long Blades    | 3 4 5 6 8 10 11 13 14 15 16 | 16.5
Dodging        | 1 2 3 |  3.2
Stealth        | 1 |  1.4
Invocations    | 1 2 |  2.8
Evocations     | |  0.6

Action                   |  1- 3 |  4- 6 |  7- 9 | 10-12 | 13-15 || total
-------------------------+-------+-------+-------+-------+-------++-------
Melee: Long sword        |   117 |   107 |   350 |   220 |   199 ||   993
       Headbutt          |    22 |    20 |    94 |   223 |   620 ||   979
       Scimitar          |       |       |       |   149 |       ||   149
       Dagger            |       |       |       |     9 |       ||     9
       Falchion          |       |       |       |   255 |  1470 ||  1725
       Demon blade       |       |       |       |       |   118 ||   118
Invok: Heroism           |       |       |     1 |     9 |    10 ||    20
Evoke: Wand              |       |       |       |     6 |     4 ||    10
  Use: Potion            |     1 |     2 |     4 |     3 |     4 ||    14
       Scroll            |       |       |    20 |     7 |    10 ||    37
  Eat: Chunk             |     2 |     6 |    12 |    12 |    35 ||    67
       Ration            |       |       |     1 |     3 |     3 ||     7
Armor: Scale mail        |    26 |       |       |       |       ||    26
       Plate armour      |    57 |    74 |   163 |   261 |   520 ||  1075
Dodge: Dodged            |    35 |    26 |    68 |   131 |   425 ||   685
Block: Shield            |    89 |    85 |   191 |   405 |  1400 ||  2170
       Reflection        |       |       |       |       |    32 ||    32
       Rpst.: Long sword |    15 |    13 |    24 |     9 |    14 ||    75
       Scimitar          |       |       |       |     4 |       ||     4
       Falchion          |       |       |       |    19 |   104 ||   123
       Demon blade       |       |       |       |       |    12 ||    12

Table legend:
 A = Non-vault XP
 B = Vault XP
 C = Vault XP percentage of total XP
 D = Non-vault monster count
 E = Vault monster count
 F = Vault count percentage of total count
                 A         B        C        D         E       F
            +---------+---------+-------+---------+---------+-------
      Total |   99809 |   46626 |  31.8 |     554 |     197 |  26.2
            +---------+---------+-------+---------+---------+-------
        D:1 |      32 |       0 |   0.0 |      16 |       0 |   0.0
        D:2 |      37 |       0 |   0.0 |      14 |       0 |   0.0
        D:3 |      51 |     178 |  77.7 |      19 |       4 |  17.4
        D:4 |     261 |      98 |  27.3 |      11 |      10 |  47.6
        D:5 |     685 |     157 |  18.6 |      29 |       8 |  21.6
        D:6 |     370 |     536 |  59.2 |      13 |       4 |  23.5
        D:7 |     945 |     706 |  42.8 |      15 |       6 |  28.6
        D:8 |    2154 |       0 |   0.0 |      31 |       0 |   0.0
        D:9 |     784 |    4404 |  84.9 |      15 |       5 |  25.0
       D:10 |    2426 |       0 |   0.0 |      24 |       0 |   0.0
       D:11 |    3235 |    8882 |  73.3 |      19 |      23 |  54.8
       D:12 |    5159 |       0 |   0.0 |      34 |       0 |   0.0
       D:13 |   10252 |    7518 |  42.3 |      47 |      16 |  25.4
       D:14 |   12725 |       0 |   0.0 |      25 |       0 |   0.0
       D:15 |   24629 |    2548 |   9.4 |      65 |       3 |   4.4
     Lair:1 |    3627 |       0 |   0.0 |      14 |       0 |   0.0
     Lair:2 |    5503 |    2537 |  31.6 |      25 |      21 |  45.7
     Lair:3 |    4973 |    1117 |  18.3 |      22 |       4 |  15.4
     Lair:4 |    3351 |     941 |  21.9 |      12 |       4 |  25.0
     Lair:5 |    2861 |     746 |  20.7 |      10 |       5 |  33.3
     Lair:6 |    9820 |    5425 |  35.6 |      27 |      15 |  35.7
      Orc:1 |    3241 |     938 |  22.4 |      27 |       2 |   6.9
      Orc:2 |    2688 |    3825 |  58.7 |      40 |      34 |  45.9
    Ossuary |       0 |     599 | 100.0 |       0 |      13 | 100.0
      IceCv |       0 |    5471 | 100.0 |       0 |      20 | 100.0
            +---------+---------+-------+---------+---------+-------
